 Dungeon Crawl Stone Soup version 0.25-a0-458-g6fc7858b95 (webtiles) character file.

Game seed: 11569386569170053204, levelgen mode: deterministic

748 ipx the Cruncher (level 7, -2/62 HPs)
             Began as a Minotaur Gladiator on Feb 2, 2020.
             Was an Initiate of Makhleb.
             Slain by an ogre
             ... wielding a +0 giant club
              (23 damage)
             ... on level 4 of the Dungeon.
             The game lasted 00:21:02 (1362 turns).

ipx the Cruncher (Minotaur Gladiator)               Turns: 1362, Time: 00:21:02

Health: -2/62      AC:  7    Str: 20    XL:     7   Next: 48%
Magic:  6/6        EV: 11    Int:  5    God:    Makhleb [......]
Gold:   111        SH:  0    Dex: 12    Spells: 6/6 levels left

rFire    . . .     SeeInvis .   a - +0 quarterstaff
rCold    . . .     Gourm    .   (shield currently unavailable)
rNeg     . . .     Faith    .   s - +0 scale mail {rPois}
rPois    +         Spirit   .   c - +0 hat
rElec    .         Reflect  .   (no cloak)
rCorr    +         Harm     .   l - +0 pair of gloves
MR       .....                  (no boots)
Stlth    ..........             (no amulet)
HPRegen  0.20/turn              C - ring of resist corrosion
MPRegen  0.10/turn              (no ring)

@: hasted, very quick
A: retaliatory headbutt, horns 2
a: Renounce Religion


You were on level 4 of the Dungeon.
You worshipped Makhleb.
Makhleb was noncommittal.
You were not hungry.

You visited 2 branches of the dungeon, and saw 6 of its levels.

You collected 111 gold pieces.

Inventory:

Hand Weapons
 a - a +0 quarterstaff (weapon)
Missiles
 o - 15 sling bullets
Armour
 c - a +0 hat (worn)
 l - a +0 pair of gloves (worn)
 s - a +0 scale mail of poison resistance (worn)
Jewellery
 C - a ring of resist corrosion (left hand)
Scrolls
 e - 2 scrolls of remove curse {unknown}
 h - 2 scrolls of fog {unknown}
 j - a scroll of magic mapping
 k - a scroll of teleportation {unknown}
 m - a scroll of immolation {unknown}
 r - 2 scrolls of identify {unknown}
Potions
 b - a potion of magic {unknown}
 g - a potion of flight {unknown}
 n - a potion of lignification {unknown}
 p - 2 potions of curing {unknown}
 q - a potion of heal wounds {unknown}
Comestibles
 f - 8 rations


   Skills:
 + Level 5.8 Fighting
 + Level 9.2 Staves
 - Level 2.0 Throwing
 - Level 3.2 Dodging


You had 6 spell levels left.
You didn't know any spells.
Your spell library was empty.

Dungeon Overview and Level Annotations

Branches:
Dungeon (5/15)             Temple (1/1) D:4

Altars:
Ashenzari
Cheibriados
Elyvilon
Hepliaklqana
Kikubaaqudgha
Makhleb
Nemelex Xobeh
Okawaru
Ru
Vehumet
Wu Jian
Yredelemnul


Innate Abilities, Weirdness & Mutations

You reflexively headbutt those who attack you in melee.
You have a pair of horns on your head.


Message History

Makhleb accepts your kill.
Okay, then.
Okay, then.
Unknown command.
Unknown command.
Unknown command.
Unknown command.
Unknown command.
You barely miss the ogre. The ogre hits you with a +0 giant club!
You sock the ogre!
The ogre is moderately wounded.
The ogre hits you with a +0 giant club!
You hit the ogre.
The ogre is moderately wounded.
You hit the ogre.
The ogre is heavily wounded.
The ogre hits you with a +0 giant club!
You feel yourself speed up.
The ogre hits you with a +0 giant club!!
You die...

# #.....#......##*,,*** #
#.....#**#.#** *#[..#####** #
#.....####.# #........,*
#.....).##.### #O......?,*
#.....#......## #........,*
##.....####.#..###........,*
##..##### #.....##.....$..,*
[...### ####..##........,*
###...## ####@##........,*
##.....##***#....O.........,*
#.......##....##.##########**
#.......#..##**###
#.........#* ##.....####
##.....## #..>....# #.....(.#


You could see an ogre.

Vanquished Creatures
  Menkaure (D:4)
  A phantom (D:3)
  2 ogres (D:4)
  3 hounds
  2 orc priests (D:4)
  2 worker ants (D:4)
  Robin (D:2)
  3 gnolls (D:3)
  5 adders
  2 adder skeletons (D:4)
  2 worms
  4 leopard geckos
  4 orcs
  A giant cockroach (D:2)
  17 goblins
  6 hobgoblins
  2 jackals (D:3)
  4 kobolds
  5 quokkas
  A ball python (D:3)
  6 bats
  5 frilled lizards
  A jackal skeleton (D:4)
  2 rats
82 creatures vanquished.

Notes
Turn   | Place    | Note
-------+----------+-------------------------------------------
     0 | D:1      | ipx the Minotaur Gladiator began the quest for the Orb.
     0 | D:1      | Reached XP level 1. HP: 18/18 MP: 0/0
    30 | D:1      | Reached skill level 4 in Staves
    84 | D:2      | Reached XP level 2. HP: 25/25 MP: 1/1
   146 | D:2      | Noticed Robin
   163 | D:2      | Reached skill level 5 in Staves
   168 | D:2      | Reached XP level 3. HP: 22/30 MP: 2/2
   256 | D:2      | Killed Robin
   520 | D:3      | Reached XP level 4. HP: 37/37 MP: 3/3
   521 | D:3      | Reached skill level 6 in Staves
   626 | D:4      | Noticed a phantom
   645 | D:3      | Killed a phantom
   645 | D:3      | Reached skill level 7 in Staves
   645 | D:3      | Reached XP level 5. HP: 39/42 MP: 4/4
   659 | D:4      | Noticed an ogre
   875 | D:4      | Noticed Menkaure
   907 | D:4      | Noticed an ogre
   931 | D:4      | Killed an ogre
   931 | D:4      | Reached skill level 8 in Staves
   931 | D:4      | Reached XP level 6. HP: 25/52 MP: 5/5
   966 | D:4      | Found a staircase to the Ecumenical Temple.
  1007 | D:5      | Entered Level 5 of the Dungeon
  1141 | Temple   | Entered the Ecumenical Temple
  1172 | Temple   | Became a worshipper of Makhleb the Destroyer
  1283 | D:4      | Killed Menkaure
  1283 | D:4      | Reached skill level 5 in Fighting
  1283 | D:4      | Reached XP level 7. HP: 50/61 MP: 6/6
  1336 | D:4      | Reached skill level 9 in Staves
  1362 | D:4      | Slain by an ogre

Levels and vault maps discovered:
D:1:      dpeg_arrival_arbitrary_c, layout_basic, item_on_display_a
D:2:      layout_rooms, uniq_robin
D:3:      layout_basic, uniq_sigmund
D:4:      layout_rooms, minmay_temple_entry_drinking_statues, first_ration,
          uniq_menkaure
D:5:      layout_gridville, grunt_decor_one_mirror, uniq_edmund
Temple:   kilobyte_greek_temple

Skill      XL: |  1  2  3  4  5  6  7 |
---------------+----------------------+-----
Staves         | 4 5 7 8 9 |  9.2
Fighting       | 3 5 |  5.8
Throwing       | |  2.0
Dodging        | |  3.2

Action                   |  1- 3 |  4- 6 |  7- 9 || total
-------------------------+-------+-------+-------++-------
Melee: Quarterstaff      |    70 |   100 |    21 ||   191
       Headbutt          |     6 |    16 |     1 ||    23
Throw: Throwing net      |     1 |     3 |       ||     4
       Dart              |       |     4 |     3 ||     7
  Use: Scroll            |       |     1 |       ||     1
       Potion            |       |     2 |     1 ||     3
 Stab: Held in net/web   |     1 |       |       ||     1
  Eat: Chunk             |       |     1 |     1 ||     2
Armor: Ring mail         |    13 |     2 |       ||    15
       Leather armour    |     2 |       |       ||     2
       Chain mail        |       |    27 |       ||    27
       Plate armour      |       |     3 |       ||     3
       Scale mail        |       |     2 |     5 ||     7
Dodge: Dodged            |    32 |    39 |    11 ||    82

Table legend:
 A = Non-vault XP
 B = Vault XP
 C = Vault XP percentage of total XP
 D = Non-vault monster count
 E = Vault monster count
 F = Vault count percentage of total count
                 A         B        C        D         E       F
            +---------+---------+-------+---------+---------+-------
      Total |     859 |     210 |  19.6 |      69 |      13 |  15.9
            +---------+---------+-------+---------+---------+-------
        D:1 |       9 |       0 |   0.0 |       5 |       0 |   0.0
        D:2 |      45 |      38 |  45.8 |      21 |      12 |  36.4
        D:3 |     271 |       0 |   0.0 |      23 |       0 |   0.0
        D:4 |     528 |     172 |  24.6 |      18 |       1 |   5.3
        D:5 |       6 |       0 |   0.0 |       2 |       0 |   0.0
            +---------+---------+-------+---------+---------+-------
